 Dungeon Crawl Stone Soup version 0.21.1-1-g345015f (webtiles) character file.

51610 eccles the Sharpshooter (level 14, 0/122 HPs)
             Began as a Centaur Hunter on July 19, 2018.
             Was the Champion of Okawaru.
             Killed by divine providence
             ... invoked by a meliai
              (11 damage)
             ... on level 4 of the Lair of Beasts on July 20, 2018.
             The game lasted 02:38:48 (20267 turns).

eccles the Sharpshooter (Centaur Hunter)           Turns: 20267, Time: 02:38:48

Health: 0/122      AC: 24    Str: 15    XL:     14   Next: 24%
Magic:  15/15      EV:  5    Int: 18    God:    Okawaru [******]
Gold:   696        SH:  4    Dex: 18    Spells: 14/15 levels left

rFire    + . .     SeeInvis +   b - +8 short sword "Zuehi" {speed, Int+5 Dex+3}
rCold    . . .     Gourm    .   (no shield)
rNeg     + . .     Faith    .   r - +3 chain mail {rF+}
rPois    +         Spirit   .   B - +0 hat {SInv}
rElec    .         Reflect  +   (no cloak)
rCorr    .         Harm     .   Y - +0 pair of gloves {archery}
MR       +....                  U - +1 centaur barding of Puf Niso {rPois Int+3}
Stlth    ..........             y - +4 amulet of reflection
HPRegen  0.30/turn              e - +5 ring of protection
MPRegen  0.14/turn              p - ring of positive energy

@: lethally poisoned (0 -> -2), very slightly contaminated, very quick
A: large, hooves 3, deformed body, speed 2, tough skin 3
a: Heroism, Finesse, Renounce Religion


You were on level 4 of the Lair of Beasts.
You worshipped Okawaru.
Okawaru was exalted by your worship.
You were not hungry.

You visited 3 branches of the dungeon, and saw 17 of its levels.
You also visited: Sewer, Ossuary, Bailey and Volcano.

You collected 1227 gold pieces.
You spent 531 gold pieces at shops.

Inventory:

Hand Weapons
 a - a +2 arbalest of electrocution
 b - the +8 short sword "Zuehi" (weapon) {speed, Int+5 Dex+3}
   (You bought it in a shop on level 5 of the Dungeon)

   Attacks with this weapon are significantly faster.
   It affects your intelligence (+5).
   It affects your dexterity (+3).
 A - a +0 short sword of flaming
 O - the +1 quick blade of Animal Spirits {flame, rC+ MR+}
   (Okawaru gifted it to you on level 4 of the Lair of Beasts)

   It has been specially enchanted to burn those struck by it, causing extra
   injury to most foes and up to half again as much damage against particularly
   susceptible opponents.
   It protects you from cold.
   It affects your resistance to hostile enchantments.
Missiles
 d - 66 bolts
 R - 41 tomahawks of returning (quivered)
Armour
 i - a +4 centaur barding of flying
 r - a +3 chain mail of fire resistance (worn)
 w - a +0 chain mail
 B - a +0 hat of see invisible (worn)
 U - the +1 centaur barding of Puf Niso (worn) {rPois Int+3}
   (You acquired it in a bailey)

   It affects your intelligence (+3).
   It protects you from poison.
 W - a +2 pair of gloves
 Y - a +0 pair of gloves of archery (worn)
Jewellery
 c - an uncursed ring of see invisible
 e - a +5 ring of protection (left hand)
 p - a ring of positive energy (right hand)
 y - a +4 amulet of reflection (around neck)
 M - an uncursed ring of resist corrosion
Wands
 g - a wand of disintegration (41)
 m - a wand of paralysis (47)
 o - a wand of flame (29)
 t - a wand of polymorph (23)
 x - a wand of acid (4)
 I - a wand of iceblast (12)
 N - a wand of enslavement (45)
Scrolls
 h - a scroll of immolation
 k - 17 scrolls of teleportation
 l - 3 scrolls of magic mapping
 n - 8 scrolls of remove curse
 u - 4 scrolls of amnesia
 G - 2 scrolls of fog
 H - a scroll of blinking
 J - a scroll of summoning
 P - a scroll of holy word
 S - a scroll of torment
Potions
 j - 3 potions of resistance
 q - a potion of ambrosia
 s - 3 potions of brilliance
 v - 4 potions of agility
 C - 2 potions of berserk rage
 D - 3 potions of magic
 E - 4 potions of curing
 F - a potion of heal wounds
 L - 5 potions of mutation
 Q - 3 potions of might
 V - 3 potions of haste
Books
 z - a book of Maledictions

   Spells                             Type                      Level
   a - Corona                         Hexes                        1
   b - Ensorcelled Hibernation        Hexes/Ice                    2
   c - Confuse                        Hexes                        3
   d - Tukima's Dance                 Hexes                        3
   e - Dazzling Spray                 Conjuration/Hexes            3
Comestibles
 f - 17 rations
 K - 13 chunks of flesh


   Skills:
 + Level 10.8 Fighting
 + Level 10.0 Short Blades
 * Level 15.3 Crossbows
 + Level 8.5 Throwing
 + Level 6.7 Armour
 + Level 4.5 Dodging
 + Level 1.5 Stealth
 + Level 4.6 Unarmed Combat
 + Level 1.2 Spellcasting
 + Level 1.6 Hexes
 + Level 2.0 Invocations
 + Level 2.0 Evocations


You had 14 spell levels left.
You knew the following spells:

 Your Spells              Type           Power        Failure   Level  Hunger
a - Corona                Hex            #......      83%         1    ##.....


Dungeon Overview and Level Annotations

Branches:
Dungeon (12/15)            Temple (1/1) D:6            Lair (4/6) D:11
  Swamp (0/4) Lair:3       Spider (0/4) Lair:3          Orc (0/2) D:12

Altars:
Ashenzari
Cheibriados
Dithmenos
Elyvilon
Fedhas
Gozag
Hepliaklqana
Kikubaaqudgha
Makhleb
Nemelex Xobeh
Okawaru
Qazlal
Ru
Sif Muna
Trog
Uskayaw
Vehumet
Wu Jian
Xom
Yredelemnul
Zin
The Shining One

Shops:
D:5 (   D:10 ?   D:11 *

Annotations:
D:10 Rupert


Innate Abilities, Weirdness & Mutations

You have hooves in place of feet.
Armour fits poorly on your strangely shaped body.
You cover ground very quickly.
You have extremely tough skin. (AC +3)


Message History

* * * LOW HITPOINT WARNING * * *
You hear an angry hiss.
Blink to where?
Press: ? - help, Dir - move target cursor You are very lightly contaminated with residual magic.
As you read the scroll of blinking, it crumbles to dust.
You feel sick.
The meliai calls down the wrath of its god upon you.
Something smites you!
* * * LOW HITPOINT WARNING * * *
You feel sick.
You feel sick.
Okay, then.
You feel much better.
You feel sick.
The meliai invokes the aid of its god against you.
Something smites you!
* * * LOW HITPOINT WARNING * * *
The meliai calls down the wrath of its god upon you.
Something smites you!
You die...

*,,,,,* ##..........####.###P...
**,,,,,***##.....................
,*,,,,**,**##....................
,,,*,**,,,**#....................
,,,***,,,,,*##...................
,,,* *,,,,,* ##.....#P....#####..
...##*,,,,,#####....####P.* #..
.y.#.##,,,##.###....## *#.#####..
,#(....*,##...##@...P###.+..#....
*#.....**#.....#....P#*..[.#.#...
#.....* #.....#....##*,.........
*#.....###.....#.....###+..##.#..
,#...yH#.#...)†#y...###..#.#*#...
,,,*,##†y..#.#.y....####...###...
,,,**#.....###......P##..#..##...
,,,* #.....# #...................
,,,**#.....###.............#+.+..


You could see a meliai and a killer bee.

Vanquished Creatures
  Gastronok (Lair:3)
  An orc warlord (Bailey)
  The ghost of poxu the Eclecticist, a journeyman DEWz of Vehumet (D:12)
  Fannar (Lair:3)
  A hydra (Lair:1)
  Erolcha (D:11)
  4 two-headed ogres
  6 death yaks (Lair:3)
  A queen ant (Lair:3)
  Sonja (D:11)
  3 skeletal warriors
  An orc knight (Bailey)
  An ugly thing (D:11)
  2 cyclopes (D:12)
  An elephant (Lair:4)
  5 black mambas
  3 gargoyles (Volcano)
  9 spiny frogs
  3 komodo dragons
  2 trolls
  A meliai (Lair:4)
  3 polar bears
  A hornet (D:12)
  2 hippogriffs
  4 blink frogs (Lair:4)
  3 flying skulls (Volcano)
  A wraith (D:12)
  2 wyverns
  2 alligator skeletons (Volcano)
  13 yaks
  A hungry ghost (D:12)
  A basilisk (D:12)
  5 swamp worms (Lair:3)
  21 soldier ants
  6 porcupines
  6 water moccasins
  7 orc warriors
  An ice beast (D:11)
  2 black bears
  3 phantoms
  6 sky beasts
  A wolf (Lair:4)
  3 centaurs
  7 ogres
  4 crocodiles
  2 big kobolds
  An elf zombie (Ossuary)
  10 bullfrogs
  2 wyvern skeletons
  3 scorpions
  28 killer bees
  An electric eel (Lair:3)
  A troll zombie (D:12)
  12 wights
  A spriggan skeleton (Volcano)
  2 howler monkeys (D:4)
  2 crimson imps
  6 centaur zombies
  A quasit (D:11)
  A human zombie (Ossuary)
  4 jellies
  7 hounds
  3 orc priests
  A gnoll shaman (D:5)
  A bullfrog skeleton (D:10)
  2 centaur skeletons
  16 orc wizards
  7 iguanas
  32 worker ants
  5 ogre zombies (D:12)
  2 naga skeletons (Volcano)
  The ghost of dscm the Chopper, a weakling DsGl (D:3)
  3 hound zombies (Ossuary)
  A hound skeleton (D:10)
  3 mummies (Ossuary)
  2 worker ant zombies (D:5)
  A howler monkey zombie (D:5)
  16 gnolls
  17 adders
  A river rat (D:5)
  4 shadow imps
  An ooze (D:3)
  3 adder skeletons
  7 adder zombies
  5 worms
  2 dart slugs
  8 leopard geckos
  43 orcs
  2 ball pythons
  6 giant cockroaches
  12 goblins
  10 hobgoblins
  6 jackals
  7 quokkas
  6 bats
  2 frilled lizards
  A goblin skeleton (D:12)
  7 goblin zombies
  A hobgoblin skeleton (D:12)
  7 hobgoblin zombies
  A jackal zombie (Ossuary)
  32 kobolds
  5 kobold zombies (Ossuary)
  A leopard gecko skeleton (D:5)
  3 orc skeletons (D:12)
  11 orc zombies
  A quokka skeleton (D:7)
  3 quokka zombies (Ossuary)
  7 rats
  4 rat zombies (Ossuary)
  A plant (Lair:1)
561 creatures vanquished.

Vanquished Creatures (collateral kills)
  A yak (D:12)
1 creature vanquished.

Vanquished Creatures (others)
  A cyclops (D:12)
  A yak (D:12)
  A centaur (D:5)
  3 kobolds
  A fungus (Lair:3)
7 creatures vanquished.

Grand Total: 569 creatures vanquished

Notes
Turn   | Place    | Note
-------+----------+-------------------------------------------
     0 | D:1      | eccles the Centaur Hunter began the quest for the Orb.
     0 | D:1      | Reached XP level 1. HP: 17/17 MP: 1/1
   301 | D:1      | Reached XP level 2. HP: 15/24 MP: 2/2
   476 | D:1      | Reached skill level 5 in Crossbows
  1104 | D:1      | HP: 1/24 [poisoned by an adder]
  1113 | D:1      | Reached XP level 3. HP: 21/29 MP: 3/3
  1533 | D:2      | Reached XP level 4. HP: 23/37 MP: 4/4
  1843 | D:3      | Found a basalt altar of Yredelemnul.
  1860 | D:3      | Reached skill level 6 in Crossbows
  1862 | D:3      | Noticed dscm's ghost (weakling DsGl)
  2119 | D:3      | Killed dscm's ghost
  2119 | D:3      | Reached XP level 5. HP: 36/42 MP: 5/5
  2150 | D:3      | Found a shimmering altar of Xom.
  2596 | D:3      | Reached skill level 7 in Crossbows
  2761 | D:4      | Found a shattered altar of Ashenzari.
  2775 | D:4      | Reached XP level 6. HP: 48/50 MP: 6/6
  2838 | D:4      | Reached skill level 1 in Armour
  3113 | D:4      | Reached skill level 8 in Crossbows
  3252 | D:4      | Learned a level 1 spell: Corona
  3574 | D:5      | Entered Level 5 of the Dungeon
  3671 | D:5      | Found Juassil's Antique Weapon Emporium.
  3688 | D:5      | Reached skill level 1 in Short Blades
  3695 | D:5      | Reached XP level 7. HP: 30/57 MP: 7/7
  3728 | D:5      | Found a deep blue altar of Sif Muna.
  3834 | D:5      | Found an ornate altar of the Wu Jian Council.
  3877 | D:5      | Reached skill level 1 in Throwing
  4182 | D:5      | Found a glowing drain.
  4213 | D:5      | Reached XP level 8. HP: 34/66 MP: 8/8
  4260 | Sewer    | Entered a sewer
  4817 | D:5      | Reached skill level 5 in Short Blades
  4817 | D:5      | Reached skill level 10 in Crossbows
  4817 | D:5      | Reached XP level 9. HP: 78/78 MP: 9/9
  4983 | D:6      | Found a staircase to the Ecumenical Temple.
  5317 | D:6      | Found a shimmering altar of Xom.
  5535 | D:6      | Identified a scroll of acquirement
  5627 | D:6      | Found a sparkling altar of Nemelex Xobeh.
  6166 | D:7      | Found a hide-covered altar of Uskayaw.
  6277 | D:7      | Found a burning altar of Makhleb.
  6284 | D:7      | Found a glowing silver altar of Zin.
  6285 | D:7      | Noticed a green death
  6285 | D:7      | Noticed an angel
  6330 | D:7      | Found a sand-covered staircase.
  6338 | Ossuary  | Entered an ossuary
  6697 | Ossuary  | Reached skill level 11 in Crossbows
  6963 | D:5      | Bought a brightly glowing short sword for 216 gold pieces
  6963 | D:5      | Identified the +8 short sword "Zuehi" {speed, Int+5 Dex+3} (You bought it in a shop on level 5 of the Dungeon)
  7292 | D:8      | Reached XP level 10. HP: 86/86 MP: 10/10
  7357 | D:8      | Found a snail-covered altar of Cheibriados.
  7917 | D:8      | Found an iron altar of Okawaru.
  8145 | D:9      | Found a bloodstained altar of Trog.
  8204 | D:9      | Noticed a two-headed ogre
  8246 | D:9      | Killed a two-headed ogre
  8267 | D:9      | Found a shadowy altar of Dithmenos.
  8289 | D:9      | Noticed a two-headed ogre
  8303 | D:9      | Killed a two-headed ogre
  8412 | D:9      | Found a glowing golden altar of the Shining One.
  8871 | Temple   | Entered the Ecumenical Temple
  9512 | D:8      | Became a worshipper of Warmaster Okawaru
  9659 | D:10     | Entered Level 10 of the Dungeon
  9857 | D:10     | Found Fagacs's Magic Scroll Boutique.
  9862 | D:10     | Bought a scroll of identify for 30 gold pieces
  9862 | D:10     | Bought a scroll of identify for 30 gold pieces
  9966 | D:10     | Reached * piety under Okawaru
  9993 | D:10     | Found a flagged portal.
 10017 | Bailey   | Entered a bailey
 10027 | Bailey   | Noticed an orc warlord
 10191 | Bailey   | Noticed an orc knight
 10272 | Bailey   | Killed an orc knight
 10272 | Bailey   | Reached XP level 11. HP: 94/94 MP: 11/11
 10322 | Bailey   | Found a runed gate.
 10324 | Bailey   | Found a runed gate.
 10470 | Bailey   | Found a runed gate.
 10573 | Bailey   | Killed an orc warlord
 10573 | Bailey   | Reached ** piety under Okawaru
 10573 | Bailey   | Reached skill level 12 in Crossbows
 10573 | Bailey   | Reached skill level 5 in Throwing
 10676 | Bailey   | Got a heavily runed centaur barding
 10687 | Bailey   | Identified the +1 centaur barding of Puf Niso {rPois Int+3} (You acquired it in a bailey)
 10699 | Bailey   | Reached skill level 5 in Armour
 10699 | Bailey   | Reached skill level 1 in Stealth
 10699 | Bailey   | Reached skill level 1 in Spellcasting
 10699 | Bailey   | Reached skill level 1 in Hexes
 10699 | Bailey   | Reached skill level 1 in Evocations
 10699 | Bailey   | Reached XP level 12. HP: 103/103 MP: 11/13
 11016 | D:10     | Bought a scroll of enchant armour for 112 gold pieces
 11281 | D:11     | Found Ytrutul's General Store.
 11287 | D:11     | Bought a scroll of identify for 26 gold pieces
 11287 | D:11     | Bought a scroll of identify for 26 gold pieces
 11287 | D:11     | Bought a scroll of identify for 26 gold pieces
 11287 | D:11     | Bought a potion of heal wounds for 65 gold pieces
 11382 | D:11     | Noticed Erolcha
 11427 | D:11     | Killed Erolcha
 11591 | D:11     | Noticed Sonja
 11602 | D:11     | Killed Sonja
 11602 | D:11     | Reached *** piety under Okawaru
 11847 | D:11     | Found a staircase to the Lair.
 12476 | D:12     | Noticed poxu's ghost (journeyman DEWz)
 12502 | D:12     | Killed poxu's ghost
 12926 | D:12     | Found a hazy altar of Hepliaklqana.
 12946 | D:12     | Received a gift from Okawaru
 12965 | D:12     | Noticed a two-headed ogre
 12971 | D:12     | Killed a two-headed ogre
 13286 | D:12     | Found a staircase to the Orcish Mines.
 13288 | D:12     | Reached **** piety under Okawaru
 13288 | D:12     | Reached skill level 13 in Crossbows
 13488 | D:12     | Received a gift from Okawaru
 13771 | D:12     | Noticed a two-headed ogre
 13772 | D:12     | Received a gift from Okawaru
 13772 | D:12     | Reached XP level 13. HP: 36/111 MP: 14/14
 14182 | D:12     | Noticed Rupert
 14286 | D:11     | Paralysed by Rupert for 3 turns
 14309 | D:11     | Paralysed by Rupert for 2 turns
 14618 | D:11     | Paralysed by Rupert for 2 turns
 14640 | D:11     | Paralysed by Rupert for 7 turns
 14735 | D:10     | Paralysed by Rupert for 4 turns
 14746 | D:10     | Paralysed by Rupert for 4 turns
 15055 | Lair:1   | Entered Level 1 of the Lair of Beasts
 15074 | Lair:1   | Reached ***** piety under Okawaru
 16203 | Lair:2   | Reached skill level 10 in Fighting
 16731 | Lair:3   | Received a gift from Okawaru
 17194 | Lair:3   | Reached skill level 14 in Crossbows
 17212 | Lair:3   | Received a gift from Okawaru
 17415 | Lair:3   | Found a hole to the Spider Nest.
 17477 | Lair:3   | Noticed Fannar
 17508 | Lair:3   | Killed Fannar
 18167 | Lair:3   | Noticed Gastronok
 18173 | Lair:3   | Killed Gastronok
 18553 | Lair:3   | Found a staircase to the Swamp.
 18685 | Lair:4   | Reached skill level 15 in Crossbows
 18685 | Lair:4   | Reached XP level 14. HP: 87/122 MP: 15/15
 18749 | Lair:4   | Found a dark tunnel.
 18796 | Volcano  | Entered a volcano
 19811 | Lair:4   | Received a gift from Okawaru
 19828 | Lair:4   | Got a scorched quick blade {god gift}
 19829 | Lair:4   | Identified the +1 quick blade of Animal Spirits {flame, rC+ MR+} (Okawaru gifted it to you on level 4 of the Lair of Beasts)
 20173 | Lair:4   | Reached ****** piety under Okawaru
 20244 | Lair:4   | Reached skill level 10 in Short Blades
 20267 | Lair:4   | Killed from afar by a meliai

Skill      XL: |  1  2  3  4  5  6  7  8  9 10 11 12 13 14 |
---------------+-------------------------------------------+-----
Crossbows      | 5 6 7 8 10 11 12 13 15 | 15.3
Armour         | 1 2 3 4 5 6 |  6.7
Fighting       | 3 6 7 8 9 10 | 10.8
Short Blades   | 1 3 5 6 7 8 9 10 | 10.0
Throwing       | 1 4 5 7 8 |  8.5
Dodging        | 3 4 |  4.5
Unarmed Combat | 3 4 |  4.6
Stealth        | 1 |  1.5
Spellcasting   | 1 |  1.2
Hexes          | 1 |  1.6
Invocations    | 2 |  2.0
Evocations     | 1 2 |  2.0

Action                   |  1- 3 |  4- 6 |  7- 9 | 10-12 | 13-15 || total
-------------------------+-------+-------+-------+-------+-------++-------
Melee: Short sword       |    19 |   113 |   362 |   657 |   562 ||  1713
       Kick              |     2 |    31 |    91 |   244 |   194 ||   562
       Punch             |       |       |     5 |    10 |     8 ||    23
       Arbalest          |       |       |       |       |     1 ||     1
 Fire: Hand crossbow     |   103 |    92 |   177 |   133 |       ||   505
       Arbalest          |       |       |       |    40 |   249 ||   289
Throw: Javelin           |       |     4 |     6 |     2 |       ||    12
       Tomahawk          |       |       |       |    90 |    74 ||   164
Evoke: Wand              |       |       |     8 |     4 |     5 ||    17
  Use: Potion            |     3 |     3 |     5 |     4 |     5 ||    20
       Scroll            |     4 |     4 |     8 |    21 |     9 ||    46
  Eat: Chunk             |     1 |     2 |     4 |    11 |     3 ||    21
       Ration            |       |     1 |     2 |     2 |     4 ||     9
Armor: Leather armour    |    56 |    10 |       |       |       ||    66
       Ring mail         |       |    40 |       |       |       ||    40
       Chain mail        |       |    33 |   214 |   322 |   217 ||   786
       Skin              |       |       |    22 |       |       ||    22
Dodge: Dodged            |    46 |    50 |    54 |    70 |    56 ||   276
Block: Other             |       |     6 |    52 |    63 |    52 ||   173
       Reflection        |       |     1 |       |     8 |     1 ||    10
